 Dungeon Crawl Stone Soup version 0.31-a0-654-gbe3e110b4e (webtiles) character file.

Game seed: 12324283781527021823

592 Dirtsage the Changeling (level 7, 0/38 (43) HPs)
             Began as an Octopode Shapeshifter on Aug 29, 2023.
             Slain by Jeremiah
             ... wielding a +4 trident of draining
              (6 damage)
             ... on level 6 of the Dungeon.
             The game lasted 00:07:11 (3497 turns).

Dirtsage the Changeling (Octopode Shapeshifter)     Turns: 3497, Time: 00:07:12

HP:   0/38 (43)     AC:  1    Str: 15    XL:     7   Next: 39%
MP:   7/7           EV: 13    Int: 12    God:
Gold: 251           SH:  0    Dex: 12    Spells: 6/6 levels left

rFire   . .          .
                       - Unarmed
rCold   + . .        (no shield)
rNeg    . . .        (helmet currently unavailable)
rPois   .            f - amulet of regeneration
rElec   .            I - ring of protection from cold
rCorr   .            (no ring)
SInv    .            (no ring)
Will    .....        (no ring)
Stlth   ++           (no ring)
HPRegen 1.06/turn    (no ring)
MPRegen 0.10/turn    (no ring)
                     (no ring)

%: no passive effects
@: beast-form, heavily drained
A: beast (slay +3), almost no armour, amphibious, 8 rings, camouflage 1,
gelatinous body 1, (nimble swimmer 1), tentacles
a: Begin Untransformation


You were on level 6 of the Dungeon.
You were a hulking beast.
You visited 1 branch of the dungeon, and saw 7 of its levels.

You collected 251 gold pieces.

Inventory:

Jewellery
 f - an amulet of regeneration (around mantle)
 I - a ring of protection from cold (left tentacle)
Talismans
 b - a beast talisman (active)
 c - a flux talisman
Wands
 t - a wand of flame (22)
Scrolls
 e - a scroll of blinking {unknown}
 g - a scroll of teleportation {unknown}
 h - 3 scrolls of enchant weapon {unknown}
 i - a scroll of silence {unknown}
 k - 2 scrolls of noise {unknown}
 l - a scroll of fear {unknown}
 m - 4 scrolls of identify {unknown}
 o - a scroll of vulnerability {unknown}
 q - a scroll of poison {unknown}
 r - a scroll of revelation {unknown}
Potions
 a - 2 potions of lignification
 d - a potion of enlightenment {unknown}
 j - 2 potions of attraction {unknown}
 n - 2 potions of brilliance {unknown}
 p - 2 potions of haste {unknown}
 s - 2 potions of mutation {unknown}
 u - a potion of might {unknown}
 v - a potion of curing {unknown}
 w - a potion of berserk rage {unknown}
 x - a potion of heal wounds {unknown}
 z - a potion of cancellation {unknown}


   Skills:
 - Level 1.0 Fighting
 - Level 2.0 Dodging
 + Level 5.3 Unarmed Combat
 * Level 6.5 Shapeshifting


You had 6 spell levels left.
You didn't know any spells.
Your spell library contained the following spells:

 Spells                   Type           Power      Damage    Failure   Level
 Blink                    Tloc           0%         N/A       45%         2
 Lesser Beckoning         Tloc           0%         N/A       45%         2
 Momentum Strike          Conj/Tloc      0%         3d8       45%         2
 Summon Ice Beast         Ice/Summ       0%         N/A       97%         4
 Alistair's Intoxication  Tmut/Pois      0%         N/A       100%        5
 Polar Vortex             Ice            0%         N/A       100%        9


Dungeon Overview and Level Annotations

Branches:
Dungeon (7/15)             Temple (0/1) D:5

Altars:
Ashenzari
Cheibriados
Okawaru

Shops:
D:6 *

Annotations:
D:6 Jeremiah


Innate Abilities, Weirdness & Mutations

You are a hulking beast.
Your limbs bulge with bestial killing power. (Slay +3)
You cannot wear most types of armour.
You are amphibious.
You can wear up to eight rings at the same time.
Your skin changes colour to match your surroundings (Stealth+).
Your rubbery body absorbs attacks. (AC +1, EV +1)
((You are camouflaged when in or above water. (Stealth+)))
You have tentacles for arms and can constrict up to eight enemies at once.


Message History

Jeremiah misses you.
You miss the butterfly. You grab the butterfly. You constrict the butterfly.
You kill the butterfly!
The butterfly disappears in a burst of colours!
Jeremiah closely misses you.
Jeremiah hops!
Jeremiah says, "I don't want to hurt you.
Just - go!
Run!"
Jeremiah hops!
The butterfly disappears in a burst of colours!
You tentacle-slap the butterfly.
You kill the butterfly!
The butterfly disappears in a burst of colours!
Jeremiah misses you.
The butterfly disappears in a burst of colours!
Jeremiah hits you with a +4 trident of draining.
You feel drained.
You take 3 damage, and have 40/42 hp.
You completely miss Jeremiah. You grab Jeremiah.
You constrict Jeremiah, but do no damage.
The butterfly disappears in a burst of colours! x2
Jeremiah closely misses you.
You tentacle-slap Jeremiah but do no damage.
Your squeeze misses Jeremiah. You constrict Jeremiah.
The butterfly disappears in a burst of colours! x2
Jeremiah hits you with a +4 trident of draining!
You feel drained.
You take 21 damage, and have 20/40 hp.
MASSIVE DAMAGE!!
You tentacle-slap Jeremiah.
Jeremiah is lightly wounded.
You constrict Jeremiah.
Jeremiah hops free!
The butterfly disappears in a burst of colours!
Jeremiah misses you.
You tentacle-slap the butterfly.
You kill the butterfly!
The butterfly disappears in a burst of colours! x2
Jeremiah hits you from afar with a +4 trident of draining!!
* * * LOW HITPOINT WARNING * * *
You feel drained.
You die...
Jeremiah wails, "I didn't mean to kill anyone!
I'm not a murderer!"

#.##..# #....b.
###)##..####[##.....#
..................b.#
#.#.##..###..###b.#.##
.###.#†.##.#....b..$.
# ##.....# #.##..#.#
.###.#...##
#..#.b#.###..
#.#.##..##
#.#b.b..b....
#.###...##
#...h...###.. #>#
#..#.###.##bb..# #.#
#..##..∩...bFb.# #.#
#..###...###..b# #.#
#..# #.### #.b.# #..
....$..# #........#
............
.....####..
##########.# ###...#
#.# #...#


You could see Jeremiah.

Vanquished Creatures
  Duvessa (D:4)
  A centaur (D:6)
  A phantom (D:6)
  A scorpion (D:4)
  Dowan (D:4)
  A hound (D:5)
  An iguana (D:6)
  2 orc wizards (D:4)
  3 gnolls (D:4)
  An adder (D:6)
  2 worms
  2 dart slugs
  6 orcs
  11 ball pythons
  5 endoplasms
  A giant cockroach (D:2)
  6 goblins
  7 hobgoblins
  4 jackals
  3 kobolds
  4 quokkas
  5 bats
  5 frilled lizards
  3 rats
77 creatures vanquished.

Vanquished Creatures (others)
  A hobgoblin (D:4)
1 creature vanquished.

Grand Total: 78 creatures vanquished

Notes
Turn   | Place    | Note
-------+----------+-------------------------------------------
     0 | D:1      | Dirtsage the Octopode Shapeshifter began the quest for the
                  | Orb.
     0 | D:1      | Reached XP level 1. HP: 13/13 MP: 1/1
   101 | D:1      | Reached XP level 2. HP: 18/18 MP: 2/2
   483 | D:2      | Reached XP level 3. HP: 20/23 MP: 3/3
  1373 | D:3      | Reached skill level 4 in Shapeshifting
  1479 | D:3      | Found an iron altar of Okawaru.
  1480 | D:3      | Found a snail-covered altar of Cheibriados.
  1526 | D:3      | Reached XP level 4. HP: 28/28 MP: 4/4
  1688 | D:3      | Found a broken altar of Ashenzari.
  2359 | D:4      | Noticed Dowan
  2360 | D:4      | Noticed Duvessa
  2374 | D:4      | Killed Duvessa
  2375 | D:4      | Reached skill level 5 in Shapeshifting
  2375 | D:4      | Reached XP level 5. HP: 33/33 MP: 5/5
  2377 | D:4      | Killed Dowan
  2378 | D:4      | Reached XP level 6. HP: 38/38 MP: 6/6
  2909 | D:4      | Got Sif Muna's Incunabulum of the Aged Heavens
  3080 | D:5      | Entered Level 5 of the Dungeon
  3363 | D:5      | Found a staircase to the Ecumenical Temple.
  3363 | D:5      | Noticed an ice beast
  3363 | D:5      | You fall into a shaft and drop 2 floors!
  3379 | D:6      | Reached skill level 5 in Unarmed Combat
  3379 | D:6      | Reached skill level 6 in Shapeshifting
  3391 | D:6      | Found Sischuots's Lightly-Used Armoury.
  3397 | D:6      | Reached XP level 7. HP: 17/43 MP: 7/7
  3477 | D:6      | Noticed Jeremiah
  3497 | D:6      | Slain by Jeremiah

Illustrated notes

Levels and vault maps discovered:
D:1:      amcnicky_arrival_abandoned_market, layout_rooms
D:2:      layout_loops_ring, minivault_11, minmay_misc_feat_tower,
          grunt_ministairs_6
D:3:      layout_basic, mainiacjoe_overflow_boulevard,
          nicolae_overflow_two_pavilions, chequers_serial_rivers_large_b,
          grunt_ministairs_12
D:4:      layout_cave_pods, serial_bayou, serial_bayou_pond_e,
          serial_bayou_ford_a, serial_bayou_pond_c, serial_bayou_lagoon_a,
          serial_bayou_lake_a, uniq_duvessa
D:5:      layout_basic, lemuel_round_altar, minmay_temple_entry_overgrown
D:6:      layout_loops_ring, minmay_shop_damaged, sigmund_edmund_badplayer,
          uniq_jeremiah
D:7:      layout_loops_corners, kennysheep_mini, enter_bailey_5, serial_shops,
          kennysheep_little_box

Skill      XL: |  1  2  3  4  5  6 |
---------------+-------------------+-----
Shapeshifting  | 4 5 6 |  6.5
Unarmed Combat | 4 5 |  5.3
Fighting       | |  1.0
Dodging        | |  2.0

Action                     |  1- 3 |  4- 6 |  7- 9 || total
---------------------------+-------+-------+-------++-------
  Melee: Unarmed           |    84 |    83 |    19 ||   186
         Constrict         |    22 |    19 |     2 ||    43
         Tentacles         |    10 |    18 |       ||    28
         Punch             |     3 |     3 |       ||     6
    Use: Potion            |       |     1 |     1 ||     2
   Stab: Sleeping          |     6 |     2 |     1 ||     9
 Armour: Skin              |    10 |    14 |    19 ||    43
  Dodge: Dodged            |    45 |    32 |     8 ||    85

Table legend: (Time is in decaauts)
 A = Elapsed time spent in this place.
 B = Non-inter-level travel time spent in this place.
 C = Inter-level travel time spent in this place.
 D = Time resting spent in this place.
 E = Time spent auto-exploring this place.
 F = Levels seen in this place.
 G = Mean time per level.
                   A        B        C        D        E       F      G
               +--------+--------+--------+--------+--------+-----+--------+
         Total |   3481 |   3332 |    149 |    172 |   2590 |   7 |  497.3 |
       Dungeon |   3481 |   3332 |    149 |    172 |   2590 |   7 |  497.3 |
               +--------+--------+--------+--------+--------+-----+--------+

Top non-repeatable levels by time:
     D:3: 1012 daAuts
     D:4: 929 daAuts
     D:2: 661 daAuts
     D:1: 465 daAuts
     D:5: 281 daAuts
     D:6: 123 daAuts
     D:7: 6 daAuts
